Map: 2000大氣壓力 - 天梯版

Players

Rex - Winner!

  • Race: Zerg Zerg
  • League: Grandmaster

Yoger

  • Race: Zerg Zerg
  • League: Master

Event: DreamHack SC2 Masters 2021 Summer

VOD

Have the link to the VOD?

Description

Time

  • Played on: May 19, 2021, 9:17 a.m.
  • Length: 12:41

All games in this series

Show
View Real Time Build Order
Export as new Build Order

Rex Zerg - Winner!

Build Orders: Hatch First 

Get SALT Encoding   

  12  0:00  Drone  
  13  0:12  Overlord  
  13  0:17  Drone  
  14  0:30  Drone  
  14  0:31  Drone  
  16  0:48  Hatchery  
  15  0:52  Drone  
  15  0:55  Drone  
  17  0:59  Drone  
  18  1:09  Extractor  
  17  1:14  Spawning Pool  
  17  1:17  Drone  
  17  1:20  Drone  
  18  1:28  Drone  
  19  1:41  Drone  
  20  1:50  Drone  
  21  2:00  Queen  
  21  2:01  Queen, Zergling x2  
  25  2:03  Overlord  
  26  2:09  Metabolic Boost  
  26  2:10  Drone  
  26  2:11  Drone  
  28  2:22  Drone x2  
  30  2:34  Hatchery  
  28  2:42  Queen  
  30  2:45  Drone  
  30  2:47  Drone  
  32  2:54  Baneling Nest  
  32  2:57  Zergling x2, Overlord  
  32  3:06  Drone x2  
  32  3:07  Drone  
  35  3:16  Zergling x4  
  35  3:19  Drone x2, Zergling x4  
  41  3:25  Drone  
  41  3:26  Evolution Chamber  
  41  3:31  Drone  
  42  3:36  Drone, Overlord  
  42  3:40  Baneling  
  43  3:47  Drone x6  
  49  3:53  Zerg Melee Weapons Level 1  
  49  4:00  Zergling x4  
  49  4:01  Zergling x4  
  53  4:03  Zergling x2  
  53  4:08  Baneling  
  54  4:10  Zergling x4  
  54  4:11  Zergling x2  
  54  4:15  Extractor, Queen  
  58  4:21  Roach Warren  
  56  4:24  Zergling x2  
  56  4:25  Zergling x2  
  56  4:26  Baneling  
  56  4:29  Lair  
  58  4:37  Overlord x2  
  58  4:40  Overlord  
  58  4:44  Overlord  
  57  5:01  Drone x8  
  57  5:03  Overlord  
  57  5:05  Extractor  
  64  5:07  Zergling x14  
  64  5:13  Zergling x2  
  67  5:16  Overlord  
  67  5:19  Zergling x8  
  68  5:32  Roach x5  
  77  5:36  Roach  
  77  5:38  Roach  
  77  5:39  Roach  
  82  5:43  Overlord  
  82  5:45  Roach  
  82  5:46  Roach  
  86  5:50  Roach  
  86  5:51  Roach  
  86  5:53  Roach  
  84  5:57  Roach  
  84  5:59  Roach  
  84  6:00  Baneling  
  84  6:01  Baneling x2  
  84  6:02  Roach  
  90  6:06  Roach  
  90  6:09  Roach  
  90  6:10  Roach  
  94  6:13  Roach  
  94  6:14  Roach  
  94  6:17  Roach  
  90  6:21  Roach  
  83  6:25  Roach x2  
  83  6:27  Zergling x4  
  83  6:29  Roach  
  83  6:32  Zergling x4  
  87  6:33  Zergling x2  
  87  6:35  Zergling x2  
  87  6:38  Roach  
  89  6:41  Zergling x4  
  89  6:42  Extractor  
  89  6:43  Zergling x2  
  89  6:45  Zergling x2  
  92  6:50  Drone x2  
  94  6:57  Drone x2  
  94  6:58  Spire  
  94  6:59  Drone  
  96  7:02  Drone x2  
  96  7:03  Drone  
  96  7:06  Drone  
  100  7:08  Drone  
  100  7:09  Overseer  
  100  7:11  Drone  
  102  7:22  Zergling x6  
  104  7:27  Extractor  
  103  7:30  Extractor  
  103  7:31  Overlord  
  103  7:35  Overlord  
  102  7:38  Drone x3  
  102  7:39  Overlord x3  
  103  7:53  Drone  
  102  8:02  Zergling x20  
  112  8:06  Drone x4  
  112  8:08  Drone  
  112  8:12  Zergling x2  
  116  8:14  Zerg Flyer Armor Level 1  
  116  8:15  Mutalisk x2  
  116  8:16  Mutalisk  
  116  8:17  Mutalisk  
  123  8:20  Mutalisk  
  123  8:23  Mutalisk  
  127  8:28  Mutalisk  
  127  8:30  Mutalisk  
  127  8:31  Mutalisk  
  133  8:35  Mutalisk  
  135  8:46  Hatchery  
  135  8:47  Mutalisk  
  135  8:48  Mutalisk  
  135  8:54  Mutalisk  
  139  8:55  Overlord  
  139  8:59  Mutalisk  
  139  9:02  Overlord  
  141  9:08  Overlord  
  141  9:09  Mutalisk  
  143  9:11  Overlord  
  143  9:12  Overlord  
  143  9:18  Mutalisk x2  
  143  9:19  Overlord  
  147  9:25  Mutalisk  
  147  9:29  Drone x6  
  155  9:33  Zergling x6  
  158  9:40  Zergling x2  
  158  9:41  Zergling x8  
  163  9:48  Drone  
  163  9:49  Drone  
  163  9:51  Drone  
  166  9:54  Drone  
  166  9:57  Zerg Melee Weapons Level 2  
  166  9:59  Mutalisk x3  
  169  10:02  Mutalisk  
  169  10:03  Extractor, Drone  
  169  10:04  Extractor  
  169  10:05  Drone  
  175  10:07  Drone x2  
  175  10:12  Mutalisk x2  
  181  10:19  Mutalisk  
  181  10:21  Overlord  
  183  10:23  Drone x2  
  185  10:29  Mutalisk x2  
  185  10:33  Mutalisk  
  191  10:49  Mutalisk x3  
  195  10:55  Mutalisk x2  
  184  11:07  Zergling x26  
  184  11:08  Zergling x8  
  195  11:13  Spore Crawler  
  195  11:14  Drone x3, Spore Crawler  
  195  11:15  Spore Crawler  
  195  11:17  Mutalisk x3  
  194  11:20  Glial Reconstitution  
  194  11:24  Mutalisk  
  186  11:36  Mutalisk x2  
  180  11:43  Mutalisk x2  
  184  11:50  Zergling x20  
  194  11:56  Hatchery  
  193  12:03  Mutalisk x3  
  198  12:15  Mutalisk x2  
Show
View Real Time Build Order
Export as new Build Order

Yoger Zerg 

Build Orders: Hatch First 

Get SALT Encoding   

  12  0:00  Drone  
  13  0:12  Overlord  
  13  0:17  Drone  
  14  0:30  Drone  
  14  0:31  Drone  
  16  0:46  Hatchery  
  15  0:50  Drone  
  15  0:54  Drone  
  15  0:57  Drone  
  18  1:07  Extractor  
  17  1:13  Spawning Pool  
  17  1:16  Drone  
  17  1:19  Drone  
  18  1:28  Drone  
  19  1:38  Drone  
  20  1:49  Overlord  
  20  2:00  Drone, Queen x2  
  20  2:01  Zergling x2  
  26  2:09  Metabolic Boost  
  26  2:11  Drone x2  
  28  2:20  Drone  
  29  2:33  Drone, Hatchery  
  29  2:40  Queen  
  29  2:43  Drone  
  32  2:50  Baneling Nest  
  31  2:52  Drone  
  31  2:55  Overlord  
  32  3:01  Drone x2  
  32  3:03  Drone  
  35  3:10  Zergling x2  
  36  3:14  Zergling x4  
  38  3:20  Drone x3  
  38  3:21  Drone x2  
  38  3:26  Evolution Chamber  
  42  3:30  Overlord  
  42  3:33  Drone  
  43  3:35  Drone  
  43  3:45  Overlord  
  43  3:48  Zergling x2  
  43  3:49  Zergling x8  
  48  3:59  Zergling x10  
  53  4:07  Zerg Ground Armor Level 1  
  53  4:11  Drone x3, Extractor  
  53  4:12  Roach Warren  
  53  4:14  Drone x2  
  55  4:17  Drone x2  
  55  4:21  Drone  
  55  4:22  Drone  
  57  4:26  Baneling  
  57  4:28  Drone x3  
  59  4:32  Overlord  
  59  4:45  Overlord  
  58  4:46  Zergling x12  
  64  4:57  Overlord  
  64  5:03  Roach x4  
  72  5:07  Roach  
  72  5:08  Roach x3  
  80  5:15  Roach x2  
  82  5:22  Roach  
  81  5:28  Roach  
  81  5:32  Roach  
  81  5:34  Overlord x2  
  81  5:35  Zergling x10  
  89  5:38  Queen  
  90  5:46  Baneling x2  
  90  5:47  Overlord x2  
  87  5:52  Zergling x10  
  88  5:58  Baneling  
  88  6:00  Baneling  
  88  6:01  Zergling x2  
  88  6:02  Zergling x8  
  93  6:06  Zergling x2  
  93  6:07  Zergling x2  
  91  6:12  Zergling x6  
  91  6:15  Lair  
  86  6:22  Zergling x6  
  81  6:26  Zergling x8  
  81  6:29  Zergling x4  
  80  6:33  Extractor  
  80  6:34  Extractor  
  80  6:35  Extractor, Zergling x2  
  70  6:40  Drone  
  70  6:41  Drone x2  
  70  6:44  Roach x2  
  79  6:47  Roach x3  
  79  6:52  Roach x2  
  87  6:59  Roach x4  
  95  7:06  Roach  
  95  7:07  Roach  
  99  7:09  Drone x2  
  99  7:10  Drone x2, Extractor  
  102  7:19  Overlord  
  102  7:22  Spire  
  101  7:25  Drone x3  
  101  7:26  Drone x3  
  101  7:29  Overlord  
  107  7:30  Drone x2  
  107  7:32  Drone  
  109  7:38  Glial Reconstitution  
  109  7:40  Drone x5  
  114  7:49  Overlord  
  114  7:50  Roach x2  
  114  7:51  Roach  
  120  7:54  Roach  
  118  8:01  Roach x4  
  118  8:05  Roach x2  
  124  8:09  Roach  
  124  8:12  Roach x2  
  125  8:25  Drone x2  
  126  8:31  Drone  
  127  8:35  Overlord  
  127  8:37  Roach  
  127  8:38  Roach x6  
  141  8:42  Hatchery  
  140  8:51  Overlord x2  
  140  8:52  Overlord x3  
  140  8:53  Drone  
  141  8:57  Corruptor  
  141  8:58  Corruptor x2  
  141  9:01  Spore Crawler  
  146  9:02  Spore Crawler  
  145  9:11  Corruptor x2  
  145  9:13  Corruptor  
  151  9:18  Spore Crawler, Corruptor  
  151  9:24  Corruptor  
  152  9:26  Overlord  
  152  9:30  Overlord  
  152  9:31  Overlord  
  154  9:43  Overlord x2  
  154  9:44  Overlord x2  
  154  9:52  Overlord x2  
  154  9:53  Zerg Missile Weapons Level 1  
  154  10:02  Hatchery  
  154  10:03  Ravager x4  
  154  10:04  Ravager x4  
  154  10:06  Roach x2  
  165  10:09  Roach x2  
  165  10:13  Corruptor  
  165  10:14  Corruptor  
  169  10:19  Corruptor x2  
  175  10:24  Corruptor  
  177  10:32  Corruptor  
  179  10:36  Corruptor  
  179  10:39  Corruptor  
  181  10:47  Corruptor  
  181  10:51  Extractor  
  180  10:58  Corruptor  
  180  11:08  Spire  
  180  11:10  Drone x4  
  182  11:12  Drone x2  
  182  11:20  Hatchery  
  182  11:21  Spore Crawler  
  180  11:26  Roach  
  180  11:27  Roach x3  
  166  11:54  Overlord x2  
  166  11:55  Drone  
  166  11:56  Drone  
Tags
 
Add a new tag
Caveats
  • Supply blocks, unpowered buildings, or Contaminate may cause inaccurate times.
  • Supply counts are checked every 10 seconds.